[Event "Early-Titled-Tuesday-Blitz-May-07-2024"]
[Site "Chess.com"]
[Date "2024.05.07"]
[Round "9"]
[White "pfalcon1949"]
[Black "aljado"]
[Result "1-0"]
[WhiteElo "1957"]
[BlackElo "2153"]
[TimeControl "180+1"]
[EndTime "9:52:34 PDT"]
[Termination "pfalcon1949 won on time"]

1. e4 c5 2. Nf3 e6 3. d4 cxd4 4. Nxd4 Bc5 5. Nb3 Bb6 6. Nc3 a6 7. Qg4 Nf6 8. Qh4 Nc6 9. Bg5 O-O 10. O-O-O Ne5 11. f4 Ng6 12. Qg3 Qc7 13. Bxf6 gxf6 14. h4 Qxf4+ 15. Qxf4 Nxf4 16. h5 e5 17. g3 Ne6 18. Nd5 Bd8 19. Be2 b5 20. Rdf1 Bb7 21.
Nxf6+ Bxf6 22. Rxf6 Bxe4 23. Rhf1 Rac8 24. c3 b4 25. c4 d5 26. Nd2 Nd4 27. Nxe4 Nxe2+ 28.
Kd2 Nd4 29. cxd5 Rc2+ 30. Kd3 Rxb2 31. Rxa6 b3 32. axb3 Rxb3+ 33. Kc4 Rc8+ 34. Nc5 Rxg3 35. d6 Ne6 36. Ra5 Rg4+ 37. Kb5 Nd4+ 38. Kb6 Rc6+ 39.
Kb7 Rxd6 40. Ra8+ Kg7 41. h6+ Kxh6 42. Rxf7 Kg6 43. Rc7 Ne6 44. Rg8+ 1-0

[Event "Early-Titled-Tuesday-Blitz-May-07-2024"]
[Site "Chess.com"]
[Date "2024.05.07"]
[Round "9"]
[White "Denisenko_Denis"]
[Black "kylnmd"]
[Result "1-0"]
[WhiteElo "2386"]
[BlackElo "2236"]
[TimeControl "180+1"]
[EndTime "9:52:35 PDT"]
[Termination "Denisenko_Denis won on time"]

1. d4 Nf6 2. Bf4 d6 3. e3 g6 4. Be2 Bg7 5. Nf3 Nbd7 6. h3 O-O 7. O-O c5 8. c3 b6 9. a4 a6 10. Nbd2 Bb7 11. Bd3 Re8 12. Bh2 e5 13. dxe5 dxe5 14.
Bc2 e4 15. Ne1 Qe7 16. Nc4 Red8 17. Qd6 Qxd6 18. Nxd6 Bd5 19. Rd1 Bf8 20. f3 exf3 21. gxf3 Be6 22. Kg2 Nd5 23. e4 Ne3+ 24. Kf2 Nxd1+ 25.
Bxd1 Bxh3 26. Rg1 Be6 27. Be2 Be7 28. Nc2 Bh4+ 29. Kf1 Bh3+ 30. Rg2 Nf6 31. Bc4 Ra7 32. Kg1 Bxg2 33. Kxg2 Nh5 34. Ne3 Bg5 35. Nd5 Kg7 36. Nxb6 Bf4 37. e5 f6 38. Ne4 Bxh2 39. Kxh2 f5 40.
Nxc5 Re8 41. Nbd7 Re7 42. e6 Nf6 43. Ne5 Rac7 44. b4 a5 45. Kg3 Re8 46. Kf4 h6 47.
Ned3 axb4 48. cxb4 Rd8 49. Ke5 Ng8 50. a5 Ne7 51. b5 Rxd3 52. Nxd3 Rxc4 53. b6 Ra4 54. b7 Nc6+ 55. Kd6 Nb8 56. e7 Kf7 57. Kc7 1-0

[Event "Early-Titled-Tuesday-Blitz-May-07-2024"]
[Site "Chess.com"]
[Date "2024.05.07"]
[Round "9"]
[White "FairChess_on_YouTube"]
[Black "nihalsarin"]
[Result "0-1"]
[WhiteElo "3082"]
[BlackElo "3153"]
[TimeControl "180+1"]
[EndTime "9:52:37 PDT"]
[Termination "nihalsarin won on time"]

1. d4 Nf6 2. c4 e6 3. Nf3 Nc6 4. e3 Bb4+ 5. Bd2 Qe7 6. Bd3 e5 7. Nxe5 Nxe5 8. dxe5 Bxd2+ 9. Qxd2 Qxe5 10. Nc3 d6 11.
O-O O-O 12. f4 Qc5 13. Kh1 Re8 14. e4 c6 15. Rae1 Be6 16. b3 Rad8 17. Qf2 Qxf2 18. Rxf2 a6 19. Rd2 b5 20. Kg1 g6 21. Kf2 Kg7 22.
h3 Re7 23. g4 Rde8 24. Bf1 b4 25. Na4 d5 26. exd5 cxd5 27. c5 Ne4+ 28. Rxe4 dxe4 29. Ke3 Rc7 30. Bxa6 Ra8 31. Bb5 Ra5 32. Be2 Bd7 33.
Nb6 Bc6 34. Nc4 Rxc5 35. Rd4 Ra7 36. Ne5 Rc3+ 37. Kf2 Rxa2 38. Rxb4 e3+ 39. Ke1 Rc1+ 40. Bd1 e2 0-1

[Event "Early-Titled-Tuesday-Blitz-May-07-2024"]
[Site "Chess.com"]
[Date "2024.05.07"]
[Round "9"]
[White "Kostya0705"]
[Black "alexrustemov"]
[Result "0-1"]
[WhiteElo "2591"]
[BlackElo "2942"]
[TimeControl "180+1"]
[EndTime "9:52:37 PDT"]
[Termination "alexrustemov won on time"]

1. e4 e6 2. d4 d5 3. Nc3 dxe4 4. Nxe4 Bd7 5. Nf3 Bc6 6. Bd3 Nd7 7. O-O Ngf6 8. Qe2 Nxe4 9. Bxe4 Bxe4 10. Qxe4 c6 11.
c3 Bd6 12. Qe2 O-O 13. Bg5 Qc7 14. h3 Rfe8 15. Rfe1 h6 16. Be3 Nf6 17. Rad1 Rad8 18. Qc2 Nd5 19. c4 Nxe3 20. Rxe3 Be7 21. Qe4 Bf6 22.
b3 Re7 23. Red3 Red7 24. Kf1 Qa5 25. R1d2 Qb4 26. Ke2 a5 27. Nh2 c5 28. Ng4 Bxd4 29. Rg3 Kf8 30. Rf3 Bf6 31. Rxd7 Rxd7 32. Rd3 Rxd3 33. Qxd3 Bd4 34. Ne3 Qa3 35. Qd2 Ke7 36.
Qc2 f5 37. Kd3 Qb4 38. Ke2 Qc3 39. Qxc3 Bxc3 40. a4 Bd4 41. Nc2 Kf6 42. Na3 Be5 43.
Nb5 b6 44. Na7 h5 45. Nc6 Bd6 46. Kd3 g6 0-1

[Event "Early-Titled-Tuesday-Blitz-May-07-2024"]
[Site "Chess.com"]
[Date "2024.05.07"]
[Round "9"]
[White "ural58"]
[Black "azikom"]
[Result "0-1"]
[WhiteElo "2519"]
[BlackElo "2743"]
[TimeControl "180+1"]
[EndTime "9:52:38 PDT"]
[Termination "azikom won by resignation"]

1. e4 c6 2. Nf3 d5 3. e5 c5 4. Be2 Nc6 5. c3 Bg4 6. d4 cxd4 7. Nxd4 e6 8. Bxg4 Nxe5 9. Qa4+ Qd7 10. Qxd7+ Kxd7 11.
Be2 Nf6 12. O-O a6 13. Bf4 Ng6 14. Bg3 Bd6 15. Bxd6 Kxd6 16. c4 Rac8 17. cxd5 Nxd5 18. Rd1 Ke7 19. Bf3 Rhd8 20. Nc3 Nxc3 21. bxc3 Rd7 22.
Rac1 Rcc7 23. Ne2 Ne5 24. Rxd7+ Kxd7 25. Be4 f5 26. Bb1 Ke7 27. f4 Nc4 28. Bd3 Ne3 29. Kf2 Ng4+ 30. Kg3 h6 31. h3 Ne3 32. Kf2 Nd5 33. g3 g5 34. Kf3 Kf6 35. a3 Nb6 36. c4 Na4 37. Ke3 Rd7 38. c5 Nb2 39. Bb1 Nd1+ 40.
Kf3 Rd2 41. Bc2 Nb2 42. Bb3 Rd3+ 43. Kf2 Rxb3 44. c6 Nd3+ 45. Kf1 bxc6 46. Rxc6 Rb1+ 47. Kg2 Rb2 48. Kf1 gxf4 49. gxf4 a5 50. Nd4 Rb1+ 51. Kg2 Nxf4+ 52. Kg3 Rd1 53. Nb3 Rd3+ 54. Kxf4 Rxb3 55. a4 Rb4+ 0-1

[Event "Early-Titled-Tuesday-Blitz-May-07-2024"]
[Site "Chess.com"]
[Date "2024.05.07"]
[Round "9"]
[White "HouseOfDurin"]
[Black "Oleg_Papayan"]
[Result "0-1"]
[WhiteElo "2250"]
[BlackElo "2664"]
[TimeControl "180+1"]
[EndTime "9:52:38 PDT"]
[Termination "Oleg_Papayan won on time"]

1. d4 d5 2. Bg5 c5 3. c3 h6 4.
Bh4 Qb6 5. Qc2 Nc6 6. e3 g6 7. Nd2 Bf5 8. Qb3 c4 9. Qxb6 axb6 10. f3 g5 11. e4 gxh4 12. exf5 b5 13. f4 Nf6 14. Ngf3 Nh5 15. Nxh4 Nxf4 16. g3 Nh5 17. Bg2 Nf6 18. Nhf3 b4 19. Ne5 e6 20. O-O Nxe5 21.
dxe5 Ng4 22. fxe6 Bc5+ 23. Kh1 fxe6 24. h3 Nf2+ 25. Kh2 Nd3 26. Rf6 Kd7 27. Rf7+ Be7 28. cxb4 Nxe5 29. Rg7 Rag8 30. Rxg8 Rxg8 31. a3 Nd3 32.
Rb1 Bd6 33. Nf1 Be5 34. b3 c3 35. Ne3 Rxg3 36. Nc2 Re3+ 37. Kg1 Re2 38. Bf1 Rd2 39. Bxd3 Rxd3 40. Re1 Kd6 41. Kf1 Rxh3 42. b5 d4 43. Nb4 d3 44. Re4 d2 45. Ke2 Rh1 0-1

[Event "Early-Titled-Tuesday-Blitz-May-07-2024"]
[Site "Chess.com"]
[Date "2024.05.07"]
[Round "9"]
[White "Golubovsky"]
[Black "NikitaShnadrygin"]
[Result "1-0"]
[WhiteElo "2536"]
[BlackElo "2695"]
[TimeControl "180+1"]
[EndTime "9:52:39 PDT"]
[Termination "Golubovsky won by resignation"]

1. c4 Nf6 2. Nc3 d5 3. cxd5 Nxd5 4. g3 g6 5. Bg2 Nb6 6. Nf3 Bg7 7. O-O Nc6 8. d3 O-O 9. Rb1 a5 10. Be3 e5 11.
Qd2 Re8 12. Bh6 f5 13. Bxg7 Kxg7 14. Rfc1 Nd4 15. Nxd4 exd4 16. Nb5 c6 17. Na3 Be6 18. Nc4 Nd5 19. e4 dxe3 20. fxe3 Nb4 21. Rd1 Nxa2 22. Ra1 Nb4 23. Nxa5 Rxa5 24. Qxb4 Rb5 25.
Qc3+ Qf6 26. Ra7 Rxb2 27. Qxc6 Re7 28. Qd6 Bb3 29. Qxf6+ Kxf6 30. Re1 b5 31. Ra6+ Kg7 32. Rb6 Bc2 33. d4 b4 34. Bd5 b3 35. Re2 Rb1+ 36.
Kf2 Be4 37. Rxb3 Rh1 38. Bxe4 Rxh2+ 39. Bg2 g5 40. Rb5 Kg6 41. Kg1 Rh6 42. Rb6+ Kg7 43. Rxh6 Kxh6 44. e4 f4 45. gxf4 gxf4 46. Kf2 1-0

[Event "Early-Titled-Tuesday-Blitz-May-07-2024"]
[Site "Chess.com"]
[Date "2024.05.07"]
[Round "9"]
[White "luggevoila"]
[Black "FuenfgegenWilly"]
[Result "0-1"]
[WhiteElo "2316"]
[BlackElo "2460"]
[TimeControl "180+1"]
[EndTime "9:52:43 PDT"]
[Termination "FuenfgegenWilly won by resignation"]

1. Nf3 f5 2. d4 Nf6 3. c4 g6 4.
Nc3 Bg7 5. g3 O-O 6. Bg2 d6 7.
O-O c6 8. Qc2 Na6 9. a3 Be6 10.
d5 cxd5 11. Ng5 Bd7 12. cxd5 Rc8 13. Be3 Nc5 14. Rac1 h6 15. Bxc5 Rxc5 16. Ne6 Bxe6 17.
dxe6 Qc8 18. Qb3 b6 19. Rcd1 Re5 20. e3 Kh7 21. Nd5 Qxe6 22. Qd3 Nxd5 23. Bxd5 Qf6 24.
f4 Rxd5 25. Qxd5 Qxb2 26. Rd3 Rc8 27. Rf2 Qa1+ 28. Kg2 Qe1 29. Rf1 Qe2+ 30. Rf2 Qh5 31.
h3 Rc1 32. Qf3 Qxf3+ 33. Rxf3 Rc6 34. Rf2 e5 35. fxe5 dxe5 36. Rb3 e4 37. g4 Rc5 38.
gxf5 gxf5 39. Kg3 Kg6 40. h4 Be5+ 41. Kh3 Rc1 42. Rbb2 Rh1+ 43. Kg2 Rxh4 44. a4 Rh2+ 45. Kg1 Rh3 46. Rg2+ Kf7 47. Kf2 Rf3+ 48. Ke2 Bxb2 0-1

[Event "Early-Titled-Tuesday-Blitz-May-07-2024"]
[Site "Chess.com"]
[Date "2024.05.07"]
[Round "9"]
[White "Firouzja2003"]
[Black "wonderfultime"]
[Result "0-1"]
[WhiteElo "3195"]
[BlackElo "3128"]
[TimeControl "180+1"]
[EndTime "9:52:44 PDT"]
[Termination "wonderfultime won on time"]

1. e4 e5 2. Nf3 Nc6 3. Bb5 a6 4. Ba4 Bc5 5. c3 Nge7 6. O-O Ng6 7. d4 Ba7 8. Bg5 f6 9. Be3 O-O 10. Re1 Kh8 11. h3 d6 12. Bb3 Nce7 13. Nbd2 exd4 14.
Nxd4 f5 15. N2f3 f4 16. Bd2 Nc6 17. Qe2 Nce5 18. Rad1 Qf6 19. Bc1 Bd7 20. Kh2 Rae8 21.
Bc2 Bc8 22. Nxe5 Nxe5 23. Qh5 g6 24. Qh6 Bg4 25. f3 Bd7 26. h4 Rf7 27. Ne2 Rg8 28.
Nxf4 Qe7 29. Nd5 Qe6 30. Nf4 Nxf3+ 31. Kh1 Qg4 32. e5 Nxh4 33. Be4 Bc6 34. Bxc6 bxc6 35.
exd6 Rxf4 36. Rd2 Rf2 37. Rxf2 Bxf2 38. Qg5 Qxg5 39. Bxg5 Kg7 40. d7 Bxe1 0-1

[Event "Early-Titled-Tuesday-Blitz-May-07-2024"]
[Site "Chess.com"]
[Date "2024.05.07"]
[Round "9"]
[White "kleinebeer98"]
[Black "jefferyx"]
[Result "1-0"]
[WhiteElo "2959"]
[BlackElo "3111"]
[TimeControl "180+1"]
[EndTime "9:52:47 PDT"]
[Termination "kleinebeer98 won by resignation"]

1. e4 e6 2. d4 d5 3. Nc3 Nf6 4. Bg5 dxe4 5. Nxe4 Be7 6. Bxf6 gxf6 7. Nf3 f5 8. Nc3 a6 9. g3 b5 10. Bg2 Bb7 11. O-O O-O 12. a4 b4 13. Ne2 c5 14.
Qd2 Nd7 15. Qh6 cxd4 16. Nexd4 Bf6 17. Rad1 Rc8 18. Rfe1 Be4 19. g4 Bxf3 20. Nxf3 Bg7 21. Qh3 fxg4 22. Qxg4 Qe7 23. Nd4 Qf6 24. Nc6 Nb8 25.
Nxb4 a5 26. Nd3 Rxc2 27. Re3 Rd8 28. Rf1 Kh8 29. Rh3 Qg6 30. Qxg6 fxg6 31. Nf4 Kg8 32. Nxe6 Rdd2 33. Ng5 Bd4 34. Rxh7 Bxf2+ 35. Kh1 Nc6 36. Rc7 Be3 37. Rc8+ Nd8 38. Rxc2 Rxc2 39. Bd5+ Kg7 40. Nf3 Rxb2 41. Re1 Bc5 42. Re8 Nf7 43. Rc8 Bd6 44. Rc6 Bf4 45. Ra6 Ne5 46. Rxa5 Nxf3 47. Bxf3 Rxh2+ 48. Kg1 Ra2 49. Ra7+ Kf6 50. Ra8 Be3+ 51. Kh1 Kf5 52. a5 Kf4 53. Bd5 Kg3 54. Bxa2 1-0

[Event "Early-Titled-Tuesday-Blitz-May-07-2024"]
[Site "Chess.com"]
[Date "2024.05.07"]
[Round "9"]
[White "viditchess"]
[Black "Genghis_K"]
[Result "0-1"]
[WhiteElo "3106"]
[BlackElo "2944"]
[TimeControl "180+1"]
[EndTime "9:52:47 PDT"]
[Termination "Genghis_K won by resignation"]

1. d4 Nf6 2. c4 e6 3. Nf3 d5 4.
Nc3 dxc4 5. e4 b5 6. e5 Nd5 7. Nxb5 Nb6 8. Be2 Nc6 9. Be3 Bb7 10. a3 Ne7 11. Qc2 a6 12. Nc3 Nf5 13. O-O Be7 14.
Rad1 O-O 15. Bc1 Bxf3 16. Bxf3 Nxd4 17. Qe4 c5 18. Be3 Rb8 19. Bxd4 cxd4 20. Rxd4 Qc7 21. Rfd1 Rfd8 22. Rxd8+ Rxd8 23. Rxd8+ Bxd8 24. a4 Nd7 25. Qa8 a5 26. Nb5 Qb8 27. Qc6 Qxe5 28. g3 Nf8 29.
Nd6 Qxb2 30. Nxc4 Qd4 31. Kg2 Be7 32. Qe4 Qxe4 33. Bxe4 Bb4 34. f4 Nd7 35. Kf3 Kf8 36. Bc6 Nc5 37. g4 h6 38. h4 Ke7 39. h5 Nb3 40. Ke4 Nc5+ 41. Ke3 Bc3 42. Kf3 f6 43. Ke3 e5 44. fxe5 fxe5 45. Kf3 Kf6 46. Bd5 Nxa4 47. Nd6 Nc5 48. Ne8+ Ke7 49. Nxg7 e4+ 0-1

[Event "Early-Titled-Tuesday-Blitz-May-07-2024"]
[Site "Chess.com"]
[Date "2024.05.07"]
[Round "9"]
[White "EvgenyBurmakin"]
[Black "subham777"]
[Result "1-0"]
[WhiteElo "2353"]
[BlackElo "2464"]
[TimeControl "180+1"]
[EndTime "9:52:47 PDT"]
[Termination "EvgenyBurmakin won by checkmate"]

1. e4 e6 2. d4 d5 3. Nd2 c5 4. Ngf3 cxd4 5. exd5 Qxd5 6. Bc4 Qd7 7. O-O Nc6 8. Re1 Nf6 9. Nb3 a6 10. a4 Be7 11.
Nbxd4 Nxd4 12. Nxd4 O-O 13. c3 Qc7 14. Qe2 Bd6 15. h3 e5 16. Nf3 Bf5 17. Bb3 Rfe8 18. Bg5 Ne4 19. Be3 Bc5 20. Nh4 Bg6 21. Nxg6 hxg6 22. Rad1 Bxe3 23. Qxe3 Nc5 24. Bc2 e4 25. Rd5 Nd3 26. Bxd3 exd3 27. Qxe8+ Rxe8 28. Rxe8+ Kh7 29. Rxd3 Qf4 30. Rdd8 g5 31. Rd4 Qc1+ 32. Kh2 Qxb2 33. Rd3 Qxf2 34. Rf3 Qa2 35. Re7 Kg6 36. Rxb7 Qxa4 37.
Rfxf7 Qe4 38. Rxg7+ Kh6 39. Rgf7 Qe5+ 40. Kg1 Qe1+ 41. Kh2 Qe5+ 42. Kg1 Qxc3 43. Rb6+ Kh5 44. Rh7# 1-0

[Event "Early-Titled-Tuesday-Blitz-May-07-2024"]
[Site "Chess.com"]
[Date "2024.05.07"]
[Round "9"]
[White "Polish_fighter3000"]
[Black "OparinGrigoriy"]
[Result "1-0"]
[WhiteElo "3116"]
[BlackElo "2990"]
[TimeControl "180+1"]
[EndTime "9:52:48 PDT"]
[Termination "Polish_fighter3000 won by resignation"]

1. e4 c5 2. Nf3 Nc6 3. Bb5 d6 4. O-O Bd7 5. Re1 a6 6. Bf1 Nf6 7. c3 Bg4 8. h3 Bxf3 9. Qxf3 e6 10. d3 Be7 11. Nd2 O-O 12. Qg3 Nh5 13. Qg4 Nf6 14. Qd1 d5 15. e5 Nd7 16. Nf3 b5 17. d4 c4 18. a3 a5 19. g3 b4 20. a4 bxc3 21. bxc3 Rb8 22. Be2 f5 23. exf6 Bxf6 24. Ba3 Be7 25. Bf1 Bxa3 26. Rxa3 Qf6 27. Bg2 Rb6 28. Ra2 Rfb8 29. Rae2 Nf8 30. Nd2 Ne7 31. h4 Nf5 32. Re5 Rb2 33. Nf3 Nd6 34. Nd2 Ra2 35. Bh3 Rbb2 36. Bxe6+ Kh8 37. R5e2 Rxd2 38. Rxd2 Rxd2 39.
Qxd2 Nxe6 40. Qe3 Nc7 41. Qe7 Qxe7 42. Rxe7 Nde8 43. g4 Kg8 44. f4 Kf8 45. Rd7 Ne6 46. Rxd5 Nxf4 47. Rf5+ 1-0

[Event "Early-Titled-Tuesday-Blitz-May-07-2024"]
[Site "Chess.com"]
[Date "2024.05.07"]
[Round "9"]
[White "ravengelic"]
[Black "Seochesspie"]
[Result "1-0"]
[WhiteElo "2675"]
[BlackElo "2838"]
[TimeControl "180+1"]
[EndTime "9:52:48 PDT"]
[Termination "ravengelic won by resignation"]

1. d4 Nf6 2. Bf4 g6 3. e3 Bg7 4.
Nf3 b6 5. h3 Bb7 6. Bc4 O-O 7.
O-O c5 8. c3 d6 9. a4 a6 10.
Nbd2 Nbd7 11. Bh2 Qc7 12. Qe2 Qc6 13. Bd3 Rfe8 14. e4 e5 15. d5 Qc7 16. b4 Reb8 17.
Rfb1 Nh5 18. Qd1 Nf4 19. Bf1 Bc8 20. Nc4 Nh5 21. Ne3 Nhf6 22. Bd3 Nf8 23. Qe2 Nh5 24. Qd1 Nd7 25. Nc4 Ndf6 26. a5 b5 27. Nb6 Rxb6 28.
axb6 Qxb6 29. Nd2 Nf4 30. Bf1 c4 31. Ra5 g5 32. Rba1 Ra7 33. Qf3 h5 34. Qe3 Qc7 35. Rxb5 g4 36. Qb6 Qd7 37. Qb8 gxh3 38. Bxf4 exf4 39. Nxc4 hxg2 40. Bxg2 Kh7 41. Nxd6 f3 42.
Qxc8 Qxd6 43. Qf5+ Kh8 44. Bxf3 Re7 45. Rc5 Re5 46.
Rc8+ Ng8 47. Qxf7 Rg5+ 48. Kf1 Be5 49. Rc6 Qd8 50. Raxa6 1-0

[Event "Early-Titled-Tuesday-Blitz-May-07-2024"]
[Site "Chess.com"]
[Date "2024.05.07"]
[Round "9"]
[White "sonicdravise"]
[Black "bazar-wokzal"]
[Result "1-0"]
[WhiteElo "2637"]
[BlackElo "2581"]
[TimeControl "180+1"]
[EndTime "9:52:48 PDT"]
[Termination "sonicdravise won by resignation"]

1. d4 Nf6 2. c4 Nc6 3. Nc3 e5 4. d5 Ne7 5. e4 Ng6 6. h4 h5 7. Bg5 Be7 8. Bd3 Ng4 9. Bxe7 Qxe7 10. Nf3 Nf4 11. g3 Qc5 12. Rf1 Ng2+ 13. Ke2 N2e3 14. Na4 Nxd1 15. Nxc5 Nxb2 16. Rab1 Nxd3 17. Kxd3 d6 18.
Nxb7 f5 19. Ng5 fxe4+ 20. Nxe4 O-O 21. Ke2 Rb8 22. Na5 Rxb1 23. Rxb1 Bf5 24. f3 Bxe4 25. fxe4 Rf2+ 26. Ke1 Rxa2 27. Rb8+ Kh7 28. Nc6 a5 29. Rb7 a4 30. Rxc7 a3 31. Ra7 Nf6 32. c5 Nxe4 33.
cxd6 Nxd6 34. Nxe5 Nb5 35. Ra5 Nc3 36. d6 Re2+ 37.
Kf1 a2 38. d7 Rd2 39. Ra3 Nd5 40. Rxa2 Ne3+ 41. Ke1 Rxa2 42. d8=Q Ng2+ 43. Kd1 Ne3+ 44.
Kc1 Rc2+ 45. Kb1 Rc5 46. Qd3+ 1-0

[Event "Early-Titled-Tuesday-Blitz-May-07-2024"]
[Site "Chess.com"]
[Date "2024.05.07"]
[Round "9"]
[White "kidagent"]
[Black "Navyblue1"]
[Result "1/2-1/2"]
[WhiteElo "2356"]
[BlackElo "2237"]
[TimeControl "180+1"]
[EndTime "9:52:48 PDT"]
[Termination "Game drawn by repetition"]

1. e4 c5 2. Nf3 d6 3. d4 cxd4 4. Nxd4 Nf6 5. Nc3 a6 6. h3 e5 7.
Nde2 Be6 8. g4 d5 9. exd5 Nxd5 10. Bg2 Nxc3 11. Qxd8+ Kxd8 12. Nxc3 Kc7 13. O-O Nc6 14. Be3 Bd6 15. Ne4 Be7 16. Nc5 Bxc5 17. Bxc5 Rad8 18. Rfd1 Nd4 19. c3 Nc6 20. b3 b6 21. Be3 Rd7 22. Rxd7+ Bxd7 23. Rd1 Be6 24. Kf1 h5 25. g5 Rd8 26. Rxd8 Nxd8 27. Ke2 Nb7 28. h4 Nd6 29. Kd2 Nf5 30. Bf1 a5 31. f4 Nxh4 32. fxe5 Nf3+ 33. Kd3 Nxe5+ 34. Ke4 Ng6 35. Bd4 Kc6 36.
Bxg7 Ne7 37. Be5 Nd5 38. Bd4 Ne7 39. Kf4 Ng6+ 40. Kg3 Bd5 41. Be2 h4+ 42. Kh2 Be4 43. Bg4 b5 44. Bf2 a4 45. Bh5 axb3 46. axb3 Bc2 47. b4 Kd5 48. Bxg6 fxg6 49. Kh3 Kc4 50. Bd4 Bd3 51. Kxh4 Bc2 52. Kg3 Bd3 53. Kf4 Bb1 54. Ke5 Bf5 55. Kf6 Bb1 56. Ke5 Bf5 57. Kf6 Bb1 58. Ke5 1/2-1/2

[Event "Early-Titled-Tuesday-Blitz-May-07-2024"]
[Site "Chess.com"]
[Date "2024.05.07"]
[Round "9"]
[White "Byniolus"]
[Black "baki83"]
[Result "1-0"]
[WhiteElo "2826"]
[BlackElo "2911"]
[TimeControl "180+1"]
[EndTime "9:52:49 PDT"]
[Termination "Byniolus won by resignation"]

1. d4 d5 2. Nf3 Nf6 3. Bf4 Bf5 4.
e3 e6 5. Bd3 Nbd7 6. O-O Ne4 7.
c4 c6 8. Nc3 Be7 9. Qc2 Ndf6 10. h3 O-O 11. Ne5 Nd6 12. Bxf5 exf5 13. cxd5 cxd5 14.
Qb3 Qa5 15. Rfc1 Rfc8 16. Bg5 Nc4 17. Qxb7 Qb4 18. Qxb4 Bxb4 19. Bxf6 gxf6 20. Nxd5 fxe5 21. Nxb4 exd4 22. exd4 Nxb2 23. Nc6 Kg7 24. d5 Nd3 25. Rd1 Nf4 26. Ne7 Rc5 27. Nxf5+ Kf6 28. Ne3 Rd8 29. Rd2 Nxd5 30. Ng4+ Kg7 31. Rad1 h5 32. Nh2 Ra5 33.
Nf1 Kf6 34. Ng3 h4 35. Ne4+ Kf5 36. f3 Kf4 37. Kh2 Kf5 38. Rd4 Ke5 39. Ng5 Rf8 40.
Rxh4 Kf5 41. Ne4 Nf4 42. Nd6+ Kg5 43. Rg4+ Kf6 44. Rxf4+ Ke6 45. Re4+ Kf6 46. a4 Rg8 47. Rg4 Rb8 48. Ne4+ Kf5 49. Rg5+ Kf4 50. Rxa5 f5 51.
Ng3 1-0

[Event "Early-Titled-Tuesday-Blitz-May-07-2024"]
[Site "Chess.com"]
[Date "2024.05.07"]
[Round "9"]
[White "zmarian"]
[Black "PonyQueen07"]
[Result "0-1"]
[WhiteElo "2299"]
[BlackElo "2138"]
[TimeControl "180+1"]
[EndTime "9:52:49 PDT"]
[Termination "PonyQueen07 won by resignation"]

1. d4 Nf6 2. c4 e6 3. g3 Bb4+ 4. Nd2 O-O 5. Bg2 Nc6 6. Nf3 d5 7. O-O Bxd2 8. Qxd2 dxc4 9. Rd1 h6 10. Qc2 Qe7 11.
Qxc4 Rd8 12. a3 Bd7 13. b4 a6 14. Bb2 Rac8 15. Rac1 Na7 16. Qd3 Ba4 17. Re1 Bb5 18.
Qc2 Bc6 19. Ne5 Bxg2 20. Kxg2 Nb5 21. Red1 Nd7 22. Nc4 Nd6 23. e4 Nxc4 24. Qxc4 Nb6 25. Qb3 c6 26. Rc2 Nd7 27. Bc1 Nf6 28. f3 Rd7 29.
Be3 Rcd8 30. Rdc1 e5 31. dxe5 Qxe5 32. Rc3 Nxe4 33. fxe4 Qxe4+ 34. Kg1 Rd3 35. Rxd3 Rxd3 36. Qc2 Qxe3+ 37. Kh1 Rd2 38. Qf5 g6 39. Qf1 Qe4+ 40.
Kg1 Qe3+ 41. Kh1 Rf2 42. Qxf2 Qxf2 43. Rg1 Qa2 44. Rg2 Qxa3 45. g4 Qxb4 46. g5 hxg5 47. h4 Qxh4+ 48. Rh2 Qxh2+ 49. Kxh2 a5 50. Kg3 a4 51.
Kg4 f6 52. Kf3 a3 53. Ke4 a2 54. Kd3 a1=Q 55. Kc4 b5+ 56. Kc5 Qc3+ 57. Kd6 b4 58. Kc7 b3 59. Kb6 b2 60. Kc7 b1=Q 61. Kd6 c5 0-1

[Event "Early-Titled-Tuesday-Blitz-May-07-2024"]
[Site "Chess.com"]
[Date "2024.05.07"]
[Round "9"]
[White "wqws"]
[Black "watermelonattackk"]
[Result "1-0"]
[WhiteElo "2685"]
[BlackElo "2564"]
[TimeControl "180+1"]
[EndTime "9:52:50 PDT"]
[Termination "wqws won by resignation"]

1. e4 e5 2. Nf3 Nc6 3. Bb5 a6 4. Ba4 Nf6 5. O-O Be7 6. Re1 b5 7. Bb3 d6 8. c3 O-O 9. d4 exd4 10. cxd4 Bg4 11. Be3 Na5 12. Bc2 c5 13. Nc3 Nc4 14. Bc1 cxd4 15. Qxd4 Bxf3 16. gxf3 Nd7 17. f4 Bf6 18. Qd3 Nc5 19. Qh3 g6 20. Rb1 b4 21.
Nd5 Bg7 22. f5 Ne5 23. Qg3 Rc8 24. Bg5 f6 25. Be3 g5 26. f4 gxf4 27. Bxf4 Kh8 28. Kh1 a5 29. Rg1 Rg8 30. Qh3 Ncd7 31. Ba4 Nc5 32. Bc2 Ncd7 33. Rg3 Rxc2 34. Rbg1 Nf7 35.
Bxd6 Nxd6 36. Nf4 h6 37. Rxg7 Rxg7 38. Qxh6+ Rh7 39. Ng6+ Kg8 40. Nf8+ Kf7 41. Qxh7+ Ke8 42. Ne6 Nf8 43. Qh5+ Ke7 44. Rg7+ Nf7 45. Rxf7+ Kd6 46. Qd1+ Ke5 47. Nxd8 1-0

[Event "Early-Titled-Tuesday-Blitz-May-07-2024"]
[Site "Chess.com"]
[Date "2024.05.07"]
[Round "9"]
[White "AccioChess"]
[Black "Matsanovic"]
[Result "0-1"]
[WhiteElo "2442"]
[BlackElo "2586"]
[TimeControl "180+1"]
[EndTime "9:52:51 PDT"]
[Termination "Matsanovic won on time"]

1. e4 c5 2. Nf3 e6 3. c3 Nf6 4.
e5 Nd5 5. Bc4 d6 6. d4 cxd4 7.
cxd4 Bd7 8. Bxd5 exd5 9. O-O Nc6 10. Nc3 Be6 11. Bf4 Be7 12. Nb5 dxe5 13. dxe5 O-O 14. Nfd4 Qb6 15. Be3 Bc5 16. Nxe6 fxe6 17. Bxc5 Qxc5 18.
Nc7 Nxe5 19. Nxa8 Rxa8 20. Qe2 d4 21. Rae1 Nc6 22. Qxe6+ Kh8 23. Qd7 h6 24. Qxb7 Rb8 25. Qc7 Rxb2 26. Rc1 Rc2 27. Qc8+ Kh7 28. Rcd1 Qd5 29. a3 d3 30. Rfe1 Nd4 31. Qh3 Ne2+ 32. Kf1 Nf4 33. Qf3 Qxf3 34. gxf3 Kg6 35. Re4 Kg5 36. Ra4 Rc7 37. h4+ Kf5 38. Ra5+ Kf6 39. Ke1 g5 40. hxg5+ hxg5 41. Kd2 Rc2+ 42. Ke3 Re2+ 43.
Kd4 Rxf2 44. Ra6+ Kf5 45. Ra5+ Kf6 46. Rb1 d2 47. Ke3 Re2+ 48. Kd4 Re1 49. Ra6+ Ne6+ 0-1

[Event "Early-Titled-Tuesday-Blitz-May-07-2024"]
[Site "Chess.com"]
[Date "2024.05.07"]
[Round "9"]
[White "Sofia_Blokhin"]
[Black "Pertinhez76"]
[Result "1/2-1/2"]
[WhiteElo "2263"]
[BlackElo "2157"]
[TimeControl "180+1"]
[EndTime "9:52:51 PDT"]
[Termination "Game drawn by repetition"]

1. d4 Nf6 2. c4 e5 3. dxe5 Ng4 4. Nf3 Nc6 5. Bf4 Bb4+ 6. Nc3 Qe7 7. Qd5 Bxc3+ 8. bxc3 O-O 9. h3 Nh6 10. Bxh6 gxh6 11.
e3 Qa3 12. Bd3 Qxc3+ 13. Ke2 Qb2+ 14. Nd2 Qxe5 15. f4 Qxd5 16. cxd5 Nb4 17. Be4 d6 18. a3 Na6 19. g4 Re8 20. Kf3 b6 21. Bc2 Bb7 22.
e4 c6 23. Nc4 Rad8 24. Rad1 cxd5 25. exd5 Nc5 26. h4 Re7 27. f5 Rde8 28. Nxd6 Re3+ 29. Kf4 R8e5 30. Nxb7 Nxb7 31. d6 f6 32. d7 Nd8 33. g5 hxg5+ 34. hxg5 fxg5+ 35. Kxg5 Re2 36. Bb3+ Kg7 37. Rdg1 R2e4 38. Bc2 Rd4 39. Kh5+ Kf6 40. Rg8 Rxd7 41. Kh6 Nf7+ 42. Kxh7 Ng5+ 43. Kh8 Nf7+ 44. Kh7 Ng5+ 45. Kh8 Nf7+ 46. Kh7 1/2-1/2

[Event "Early-Titled-Tuesday-Blitz-May-07-2024"]
[Site "Chess.com"]
[Date "2024.05.07"]
[Round "9"]
[White "tptagain"]
[Black "WhiteKnight2612"]
[Result "1-0"]
[WhiteElo "2930"]
[BlackElo "2843"]
[TimeControl "180+1"]
[EndTime "9:52:52 PDT"]
[Termination "tptagain won by resignation"]

1. e4 e5 2. Nf3 Nc6 3. Bc4 Bc5 4. c3 Nf6 5. d4 exd4 6. e5 d5 7. Bb5 Ne4 8. cxd4 Bb4+ 9. Nbd2 O-O 10. O-O Bg4 11.
Qa4 Nxd4 12. Qxb4 c5 13. Qa4 Nxd2 14. Nxd2 Bf5 15. Nb3 a6 16. Nxc5 Nxb5 17. Qf4 Bg6 18. Rd1 Qe7 19. Be3 Rfd8 20. Rac1 Rac8 21. Bd4 b6 22.
Nb3 Rc4 23. Qe3 Rdc8 24. Bxb6 Bc2 25. Re1 Qh4 26. Nd2 R4c6 27. Nf3 Qb4 28. Bd4 Rc4 29.
e6 Nxd4 30. Nxd4 Be4 31. exf7+ Kxf7 32. Rxc4 Qxc4 33. f3 Bg6 34. Qe6+ Kf8 35. Qd6+ Kg8 36. Ne6 Kh8 37. Qe5 Rg8 38. Qd4 Qxa2 39. Nxg7 Rxg7 40.
Re7 Qb1+ 41. Kf2 Qc2+ 42. Kg3 Qc7+ 43. Rxc7 1-0